 Dungeon Crawl Stone Soup version 0.22-a0-617-g6d95e9e505 (webtiles) character file.

31 RedPan the Sneak (level 3, 0/21 HPs)
             Began as an Octopode Wizard on July 12, 2018.
             Slain by a worm (6 damage)
             ... on level 2 of the Dungeon.
             The game lasted 00:03:26 (1287 turns).

RedPan the Sneak (Octopode Wizard)                  Turns: 1287, Time: 00:03:27

Health: 0/21       AC:  1    Str:  6    XL:     3   Next: 22%
Magic:  1/7        EV: 13    Int: 20    God:
Gold:   42         SH:  0    Dex: 11    Spells: 7/8 levels left

rFire    . . .     SeeInvis .   g - +0 dagger
rCold    . . .     Gourm    .   (no shield)
rNeg     . . .     Faith    .   a - +0 hat
rPois    .         Spirit   .   (no amulet)
rElec    .         Reflect  .   (no ring)
rCorr    .         Harm     .   (no ring)
MR       .....                  (no ring)
Stlth    +++.......             (no ring)
HPRegen  0.07/turn              (no ring)
MPRegen  0.10/turn              (no ring)
                                (no ring)
                                (no ring)

@: no status effects
A: almost no armour, stealthy swim, amphibious, 8 rings, constrict 8, camouflage
1, gelatinous body 1
a: no special abilities


You were on level 2 of the Dungeon.
You were very hungry.

You visited 1 branch of the dungeon, and saw 2 of its levels.

You collected 42 gold pieces.

Inventory:

Hand Weapons
 g - a +0 dagger (weapon)
Missiles
 e - 13 javelins (quivered)
Armour
 a - a +0 hat (worn)
 f - a +0 buckler
Scrolls
 b - a scroll of immolation {unknown}
 d - a scroll of enchant armour {unknown}
Potions
 h - 2 potions of brilliance {unknown}
Comestibles
 c - 3 rations


   Skills:
 - Level 2.0 Dodging
 + Level 3.4 Stealth
 + Level 3.2 Spellcasting
 * Level 2.2 Conjurations
   Level 1.0 Summonings
   Level 1.0 Translocations


You had 7 spell levels left.
You knew the following spells:

 Your Spells              Type           Power        Failure   Level  Hunger
a - Magic Dart            Conj           ##..         5%          1    None

Your spell library contained the following spells:

 Spells                   Type           Power        Failure   Level  Hunger
 Conjure Flame            Conj/Fire      #.......     26%         3    ###....
 Slow                     Hex            #.......     22%         2    ##.....
 Mephitic Cloud           Conj/Pois/Air  #.......     30%         3    ###....
 Blink                    Tloc           N/A          14%         2    ##.....
 Call Imp                 Summ           #.......     14%         2    ##.....


Dungeon Overview and Level Annotations

Branches:
Dungeon (2/15)

Altars:


Innate Abilities, Weirdness & Mutations

You cannot wear most types of armour.
You are very stealthy in the water. (Stealth+)
You are amphibious.
You can wear up to eight rings at the same time.
You can use your tentacles to constrict eight enemies at once.
Your skin changes colour to match your surroundings (Stealth+).
Your rubbery body absorbs attacks. (AC +1, EV +1)


Message History

You hit the worm. You grab the worm.
The worm is heavily wounded.
You constrict the worm. You hit the worm but do no damage.
The worm is heavily wounded.
You constrict the worm. The worm bites you!
* * * LOW HITPOINT WARNING * * *
You hit the worm.
The worm is heavily wounded.
You constrict the worm.
You are feeling very hungry.
Casting: Magic Dart (safe; 5% risk of failure)
Confirm with . or Enter, or press ? or * to list all spells.
Aiming: Magic Dart (safe; 5% risk of failure)
Press: ? - help, Shift-Dir - straight line, f/p - worm
Aim: a worm (severely wounded, constricted by you)
The magic dart hits the worm.
The worm is severely wounded.
You constrict the worm. The worm bites you.
You die...

#.# #.# .# #.# .#
#.# ..# #.# ..#
#.###########..#
####.##...........#
#.................##
#.............@w...#
###[###.########)#.#
#<............# ..
###.###...###.# $..
#.# #...# ###
####### #.#
#...###8###⌠###8##
#.#
#...##....)......##
#.#
#..##8...........8#
#.#
#.[###...........##


You could see a worm.

Vanquished Creatures
  A dart slug (D:1)
  2 leopard geckos (D:1)
  5 bats (D:1)
  2 goblins
  4 hobgoblins (D:1)
  4 kobolds
  A ball python (D:1)
  4 frilled lizards
  3 rats
26 creatures vanquished.

Notes
Turn   | Place    | Note
-------+----------+-------------------------------------------
     0 | D:1      | RedPan the Octopode Wizard began the quest for the Orb.
     0 | D:1      | Reached XP level 1. HP: 11/11 MP: 4/4
   211 | D:1      | Reached XP level 2. HP: 14/17 MP: 4/6
   880 | D:1      | Reached XP level 3. HP: 21/21 MP: 0/7
  1287 | D:2      | Slain by a worm

Vault maps used:
D:1:      dpeg_arrival_water_fire
D:2:      serial_corexii_hall, corexii_hall_statues_u, corexii_hall_statues_x,
          grunt_decor_fettered, kennysheep_another_room

Skill      XL: |  1  2 |
---------------+-------+-----
Stealth        | 3 |  3.4
Conjurations   | 2 |  2.2
Dodging        | |  2.0
Spellcasting   | |  3.2
Summonings     | |  1.0
Translocations | |  1.0

Action                   || total
-------------------------++-------
Melee: Unarmed           ||    21
       Constrict         ||     8
       Tentacles         ||     1
       Dagger            ||     3
 Cast: Magic Dart        ||    51
  Use: Scroll            ||     1
Armor: Skin              ||     2
Dodge: Dodged            ||    23

Table legend:
 A = Spawn XP
 B = Non-spawn XP
 C = Spawn XP percentage of total XP
 D = Spawn monster count
 E = Non-spawn monster count
 F = Spawn count percentage of total count
 G = Total turns spent on level
                    A         B        C        D         E        F      G
               +---------+---------+-------+---------+---------+-------+---------
         Total |       0 |      45 |   0.0 |       0 |      26 |   0.0 |  1287
               +---------+---------+-------+---------+---------+-------+---------
           D:1 |       0 |      39 |   0.0 |       0 |      22 |   0.0 |  1145
           D:2 |       0 |       6 |   0.0 |       0 |       4 |   0.0 |   142
               +---------+---------+-------+---------+---------+-------+---------
